 Dungeon Crawl Stone Soup version 0.18-a0-1120-g03bd624 (webtiles) character file.

91 gorblad the Sneak (level 4, -8/22 HPs)
             Began as a Spriggan Assassin on Jan 17, 2016.
             Killed by divine providence
             ... invoked by an orc priest
              (15 damage)
             ... on level 3 of the Dungeon.
             The game lasted 00:03:48 (1993 turns).

gorblad the Sneak (Spriggan Assassin)               Turns: 1993, Time: 00:03:49

Health: -8/22      AC:  6    Str:  7    XL:     4   Next: 33%
Magic:  5/5        EV: 20    Int: 10    God:
Gold:   134        SH:  0    Dex: 20    Spells: 0 memorised, 3 levels left

rFire  . . .     SeeInvis +     a - +2 dagger
rCold  . . .     Gourm    .     c - +0 robe
rNeg   . . .     Faith    .     (shield restricted)
rPois  .         Spirit   .     m - +2 hat
rElec  .         Dismiss  .     d - +0 cloak
rCorr  .         Reflect  .     (gloves unavailable)
SustAt .         Harm     .     (boots unavailable)
MR     .....                    (no amulet)
Stlth  ++........               (no ring)
                                (no ring)

@: very quick, not resistant to hostile enchantments, unstealthy
A: unfitting armour, see invisible, agile 1, dopey 1, herbivore 3, speed 3,
shaggy fur 1, slow metabolism 2
a: no special abilities


You were on level 3 of the Dungeon.
You were not hungry.

You visited 1 branch of the dungeon, and saw 3 of its levels.

You collected 134 gold pieces.

Inventory:

Hand Weapons
 a - a +2 dagger (weapon)
 b - a +0 blowgun
Missiles
 e - 41 poisoned needles
 f - 2 curare-tipped needles
Armour
 c - a +0 robe (worn)
 d - a +0 cloak (worn)
 m - a +2 hat (worn)
Jewellery
 n - an uncursed ring of flight
Scrolls
 h - a scroll of teleportation
 k - a scroll of identify
 r - 2 scrolls of remove curse
Potions
 i - a potion of cancellation {unknown}
 j - a potion of heal wounds
 p - a potion of cure mutation
Comestibles
 g - a bread ration


   Skills:
 - Level 1.5 Fighting
 - Level 2.1 Short Blades
 - Level 2.0 Throwing
 + Level 4.4 Dodging
 + Level 7.5 Stealth


You had 3 spell levels left.
You didn't know any spells.

Dungeon Overview and Level Annotations

Branches:
Dungeon (3/15)

Altars:


Innate Abilities, Weirdness & Mutations

You are tiny and cannot use many weapons and most armour.
You have supernaturally acute eyesight.
You are a herbivore.
You cover ground extremely quickly.
You need consume almost no food.
You are agile. (Dex +2)
You are dopey. (Int -2)
You are covered in fur (AC +1).


Message History

You hit the orc priest.
The orc priest is moderately wounded.
The bat completely misses you.
The orc priest invokes the aid of Beogh against you.
Something smites you!
Ouch! That really hurt!
The orc barely misses you.
You closely miss the orc priest.
The orc priest is moderately wounded.
The bat completely misses you. x2
The bat hits you but does no damage. The orc wizard misses you.
The orc hits you with a whip. The orc priest completely misses you.
The orc wizard hits you but does no damage.
You barely miss the bat. The bat hits you but does no damage. x2
The orc wizard splashes around in the water.
The orc splashes around in the water.
The bat misses you.
The orc priest calls down the wrath of Beogh upon you.
Something smites you!
Ouch! That really hurt!
You die...

≈≈≈≈≈P≈≈.[. ♣≈P.≈≈
♣≈≈≈≈≈≈≈### ♣≈≈.≈≈
♣≈≈≈≈≈≈♣..< ♣≈≈.≈≈
♣P≈≈≈≈≈≈.#. ♣≈≈.≈≈
♣♣♣♣PPP#.#. ♣P.o≈
#≈≈≈##.#. ♣≈.≈P♣# ##≈#
#.#.
♣P.ooo#############.##
♣≈.≈o@b...............
P≈≈≈.≈o≈♣.##############
≈≈≈≈.≈≈≈♣.# P≈P≈.≈≈≈♣.#
♣≈≈P.≈P≈♣.# ♣P≈P.≈≈♣..#
#♣≈≈.≈≈ .## #≈≈.♣. #


You could see an orc priest, 2 orc wizards, 3 orcs and a bat.

Vanquished Creatures
  A worker ant (D:3)
  2 adders
  A worm (D:2)
  An orc (D:3)
  7 bats
  A giant cockroach (D:1)
  10 hobgoblins
  A quokka (D:2)
  2 giant newts (D:1)
  7 goblins
  5 kobolds
  7 rats
45 creatures vanquished.

Notes
Turn   | Place    | Note
--------------------------------------------------------------
     0 | D:1      | gorblad the Spriggan Assassin began the quest for the Orb.
     0 | D:1      | Reached XP level 1. HP: 10/10 MP: 2/2
   108 | D:1      | Reached skill level 6 in Stealth
   285 | D:1      | Reached XP level 2. HP: 14/14 MP: 3/3
   659 | D:1      | Gained mutation: You are dopey. (Int -2) [potion of mutation]
   659 | D:1      | Gained mutation: You are agile. (Dex +2) [potion of mutation]
   659 | D:1      | Gained mutation: You are covered in fur (AC +1). [potion of mutation]
   884 | D:2      | Reached XP level 3. HP: 18/18 MP: 4/4
  1272 | D:2      | Reached skill level 7 in Stealth
  1958 | D:3      | Reached XP level 4. HP: 22/22 MP: 5/5
  1993 | D:3      | Killed from afar by an orc priest

Vault maps used:
D:1:      erik_arrival_triangle_small
D:3:      grunt_ministairs_8, serial_bayou_lagoon_b

Action                   |  1- 3 |  4- 6 || total
-------------------------+-------+-------++-------
Melee: Dagger            |    98 |    12 ||   110
  Use: Scroll            |    10 |       ||    10
       Potion            |     2 |       ||     2
 Stab: Sleeping          |    22 |       ||    22
